 Dungeon Crawl Stone Soup version 0.31-a0-1163-gcee99d1eea (webtiles) character file.

Game seed: 18273692916540207446

8105 Gargoyl the Carver (level 11, -1/106 HPs)
             Began as a Gargoyle Berserker on Dec 9, 2023.
             Was a Priest of Trog.
             Slain by a yak (13 damage)
             ... on level 1 of the Lair of Beasts.
             The game lasted 00:13:37 (8544 turns).

Gargoyl the Carver (Gargoyle Berserker)             Turns: 8544, Time: 00:13:38

Health: -1/106     AC: 19    Str: 28    XL:     11   Next: 25%
Magic:  11/11      EV: 13    Int:  7    God:    Trog [***...]
Gold:   358        SH:  0    Dex: 13    Spells: 10/10 levels left

rFire   . . .        r - +6 scimitar (freeze)
rCold   . . .        (no shield)
rNeg    + . .        h - +1 ring mail
rPois   ∞            (no helmet)
rElec   +            c - +0 cloak
rCorr   .            w - +0 pair of gloves
SInv    +            y - +0 pair of boots
Will    ++...        (no amulet) Stlth
                     i - ring of see invisible
HPRegen 1.37/turn    l - +6 ring of strength
MPRegen 0.12/turn

%: no passive effects
@: berserking (expiring), strong-willed (expiring), regenerating (expiring),
very quick
A: sickness immunity, AC +8, negative energy resistance 1, electricity
resistance, torment resistance 1, petrification resistance
a: Renounce Religion, Berserk, Trog's Hand


You were on level 1 of the Lair of Beasts.
You worshipped Trog.
Trog was most pleased with you.
You visited 2 branches of the dungeon, and saw 9 of its levels.

You collected 488 gold pieces.
You spent 130 gold pieces at shops.

Inventory:

Hand Weapons
 a - a +1 heavy hand axe
 r - a +6 scimitar of freezing (weapon)
 s - a +2 flail of draining
Missiles
 m - 2 throwing nets
 p - 10 poisoned darts (quivered)
Armour
 c - a +0 cloak (worn)
 h - a +1 ring mail (worn)
 w - a +0 pair of gloves (worn)
 y - a +0 pair of boots (worn)
Jewellery
 i - a ring of see invisible (left hand)
 l - a +6 ring of strength (right hand)
 x - a ring of protection from fire
Wands
 d - a wand of iceblast (7)
 u - a wand of flame (12)
 v - a wand of polymorph (7)
 z - a wand of digging (10)
Scrolls
 b - 4 scrolls of teleportation
 f - a scroll of blinking
 j - 2 scrolls of silence
 k - a scroll of poison
 n - 2 scrolls of fear
 q - 3 scrolls of revelation
Potions
 e - a potion of resistance {unknown}
 g - 3 potions of enlightenment
 o - 3 potions of heal wounds
 t - 2 potions of mutation {unknown}
 A - a potion of might


   Skills:
 + Level 9.1 Fighting
 + Level 10.2 Long Blades
 + Level 5.0 Axes
 + Level 0.4 Throwing
 + Level 7.7 Armour
 + Level 5.2 Dodging
 + Level 2.4 Stealth


You had 10 spell levels left.
You didn't know any spells.
Your spell library was empty.

Dungeon Overview and Level Annotations

Branches:
Dungeon (8/15)             Temple (0/1) D:7            Lair (1/5) D:8

Altars:
Ashenzari
Cheibriados
Elyvilon
Hepliaklqana
Okawaru
Sif Muna
The Shining One

Shops:
D:3 *:[   D:4 *

Annotations:
D:6 2 transporters, paps's ghost, novice OpDe


Innate Abilities, Weirdness & Mutations

You are immune to sickness and miasma.
Your stone body is resilient. (AC +8)
You are immune to poison.
You resist negative energy. (rN+)
You are resistant to electric shocks. (rElec)
You are resistant to unholy torment.
You are immune to petrification.


Message History

You slash the yak! You freeze the yak.
You kill the yak!
Trog accepts your kill.
Unknown command.
You hit the yak. You freeze the yak.
The yak is lightly wounded.
Unknown command.
You slash the yak! You freeze the yak.
The yak is moderately wounded.
Unknown command.
You slash the yak! You freeze the yak.
The yak is heavily wounded.
The yak misses you.
Unknown command.
You slash the yak! You freeze the yak.
You kill the yak!
Trog accepts your kill. The yak gores you!
* * * LOW HITPOINT WARNING * * *
The yak gores you but does no damage.
Unknown command.
You slash the yak! You freeze the yak.
The yak is heavily wounded.
Unknown command.
You hit the yak. You freeze the yak.
The yak is severely wounded.
The yak misses you. The yak closely misses you. The yak misses you.
Unknown command.
You slice the yak!! You freeze the yak!
You kill the yak!
Trog accepts your kill. The yak gores you.
* * * LOW HITPOINT WARNING * * *
The yak gores you.
* * * LOW HITPOINT WARNING * * *
You closely miss the yak. You barely miss the yak.
You feel the effects of Trog's Hand fading.
The yak gores you!
You die...

### ###
#######.#######.#####
....#.......#.......##
(...............@....#
....#..........Y†Y....#
...#...................#
..###..................#
.## #.......#........###
P# ##.....#........## ##
#................#
#................. ....


You could see 2 yaks.

Vanquished Creatures
  3 death yaks (D:8)
  2 komodo dragons (Lair:1)
  A cane toad (Lair:1)
  A rime drake (Lair:1)
  Grinder (D:6)
  Prince Ribbit (D:6)
  A wyvern (D:8)
  7 yaks (Lair:1)
  A steam dragon (D:7)
  Edmund (D:6)
  4 water moccasins
  Duvessa (D:4)
  An ice beast (D:7)
  7 black bears
  A sky beast (D:7)
  A centaur (D:5)
  A phantom (D:6)
  A kobold brigand (D:7)
  8 bullfrogs
  4 scorpions
  6 wights
  Dowan (D:4)
  4 killer bees (D:8)
  4 hounds
  A gnoll bouda (D:7)
  2 iguanas
  An orc wizard (D:6)
  4 sleepcaps
  2 hell rats (D:8)
  13 gnolls
  5 adders
  3 river rats (D:8)
  3 white imps (D:7)
  4 ufetubi
  A worm (D:2)
  5 dart slugs
  17 orcs
  5 ball pythons
  4 endoplasms
  7 goblins
  12 hobgoblins
  9 jackals
  8 quokkas
  3 bats
  A frilled lizard (D:1)
  15 kobolds
  3 rats
191 creatures vanquished.

Vanquished Creatures (others)
  A kobold (D:7)
1 creature vanquished.

Grand Total: 192 creatures vanquished

Notes
Turn   | Place    | Note
-------+----------+-------------------------------------------
     0 | D:1      | Gargoyl the Gargoyle Berserker began the quest for the Orb.
     0 | D:1      | Reached XP level 1. HP: 14/14 MP: 1/1
   346 | D:1      | Reached XP level 2. HP: 17/19 MP: 2/2
   522 | D:1      | Reached XP level 3. HP: 24/24 MP: 3/3
  1373 | D:2      | Found Zomeo's Weapon Shoppe.
  1576 | D:2      | Reached XP level 4. HP: 22/29 MP: 4/4
  1722 | D:2      | Reached ** piety under Trog
  2354 | D:3      | Found Jaoxzoo's Assorted Antiques.
  2449 | D:3      | Reached XP level 5. HP: 30/33 MP: 5/5
  2551 | D:3      | Found Asolawun's Book Boutique.
  2817 | D:3      | Found Geosol's Antique Armour Shoppe.
  3181 | D:4      | You fall into a shaft and drop 3 floors!
  3201 | D:7      | Noticed a kobold brigand
  3214 | D:7      | Killed a kobold brigand
  3215 | D:7      | Reached XP level 6. HP: 39/39 MP: 6/6
  3487 | D:7      | Noticed a black bear
  3502 | D:7      | Reached XP level 7. HP: 44/44 MP: 7/7
  3634 | D:7      | Reached skill level 5 in Fighting
  3634 | D:7      | Reached skill level 5 in Axes
  3699 | D:7      | Reached skill level 1 in Long Blades
  3847 | D:7      | Noticed a steam dragon
  3859 | D:7      | Killed a steam dragon
  3860 | D:7      | Reached skill level 2 in Long Blades
  3900 | D:7      | Reached XP level 8. HP: 32/49 MP: 8/8
  3982 | D:6      | Reached skill level 3 in Long Blades
  3997 | D:6      | Found a shimmering blue altar of Sif Muna.
  4005 | D:6      | Noticed Edmund
  4008 | D:6      | Reached skill level 5 in Armour
  4016 | D:6      | Killed Edmund
  4065 | D:6      | Reached skill level 4 in Long Blades
  4073 | D:6      | Noticed Prince Ribbit
  4101 | D:6      | HP: 2/51 [Prince Ribbit (6)]
  4113 | D:6      | Killed Prince Ribbit
  4327 | D:6      | Reached skill level 1 in Stealth
  4335 | D:5      | Entered Level 5 of the Dungeon
  4489 | D:4      | Found a glowing golden altar of the Shining One.
  4705 | D:4      | Found an iron altar of Okawaru.
  4797 | D:4      | Found Gunkox's General Store.
  4805 | D:4      | Bought 2 potions of heal wounds for 130 gold pieces
  4949 | D:4      | Noticed Dowan
  4950 | D:4      | Noticed Duvessa
  4960 | D:4      | Killed Duvessa
  4961 | D:4      | Reached skill level 5 in Long Blades
  4961 | D:4      | Reached XP level 9. HP: 31/55 MP: 9/9
  4962 | D:4      | Killed Dowan
  6185 | D:6      | Reached skill level 6 in Long Blades
  6359 | D:6      | Noticed paps's ghost (novice OpDe)
  6376 | D:6      | Found a transporter.
  6381 | D:6      | Found a transporter.
  6410 | D:6      | Noticed Grinder
  6414 | D:6      | Reached *** piety under Trog
  6429 | D:6      | Killed Grinder
  6701 | D:7      | Reached skill level 7 in Long Blades
  7090 | D:7      | Found a staircase to the Ecumenical Temple.
  7329 | D:8      | Noticed a death yak
  7331 | D:8      | Noticed a death yak
  7332 | D:8      | Noticed a death yak
  7339 | D:8      | Killed a death yak
  7340 | D:8      | Reached XP level 10. HP: 58/63 MP: 10/10
  7346 | D:8      | Killed a death yak
  7347 | D:8      | Reached skill level 8 in Long Blades
  7353 | D:8      | Found a staircase to the Lair.
  7363 | D:8      | Killed a death yak
  7779 | D:8      | Reached skill level 9 in Long Blades
  7785 | D:8      | Found a snail-covered altar of Cheibriados.
  7855 | D:8      | Found a white marble altar of Elyvilon.
  7861 | D:8      | Found a hazy altar of Hepliaklqana.
  7873 | D:8      | Found a broken altar of Ashenzari.
  8164 | Lair:1   | Entered Level 1 of the Lair of Beasts
  8250 | Lair:1   | Reached skill level 5 in Dodging
  8250 | Lair:1   | Reached XP level 11. HP: 69/69 MP: 11/11
  8525 | Lair:1   | Reached skill level 10 in Long Blades
  8544 | Lair:1   | Slain by a yak

Illustrated notes

Levels and vault maps discovered:
D:1:      dpeg_cavernosity, layout_basic, minmay_misc_feat_more_columns,
          st_stairs_11
D:2:      layout_basic, serial_shops, nicolae_lakefront_shop,
          minmay_tetromino_s4
D:3:      layout_basic, serial_shops, nicolae_shop_hallway_plus,
          nicolae_shop_window_shopping, shop, eino_curves_03
D:4:      layout_gridville, kennysheep_little_box, kennysheep_mini_moat,
          serial_shops, nicolae_square_shop, uniq_duvessa
D:5:      layout_rooms, serial_co_window_serial, co_window_paths_b,
          co_window_corner_a, co_window_of_opportunity_a, co_window_paths_a,
          co_window_paths_a, co_window_corner_b, co_window_corner_b,
          co_window_corner_b, co_window_corner_cb, co_window_of_opportunity_b,
          co_window_paths_d, glass_columns_a, glass_columns_a, glass_columns_a,
          glass_columns_a
D:6:      layout_rooms, mainiacjoe_overflow_paths, gammafunk_ghost_arena,
          uniq_edmund, uniq_grinder, uniq_prince_ribbit1
D:7:      layout_basic, minmay_temple_entry_fiery
D:8:      layout_basic, nicolae_overflow_macrodata_refinement,
          dpeg_lair_monsters
Lair:1:   layout_gridlike

Skill      XL: |  1  2  3  4  5  6  7  8  9 10 11 |
---------------+----------------------------------+-----
Axes           | 3 4 5 |  5.0
Fighting       | 4 5 6 7 8 9 |  9.1
Dodging        | 2 3 4 5 |  5.2
Armour         | 3 4 6 7 |  7.7
Long Blades    | 2 5 7 9 10 | 10.2
Stealth        | 1 2 |  2.4
Throwing       | |  0.4

Action                     |  1- 3 |  4- 6 |  7- 9 | 10-12 || total
---------------------------+-------+-------+-------+-------++-------
  Melee: Hand axe          |   107 |   175 |       |       ||   282
         Scimitar          |       |     2 |   324 |   134 ||   460
         Punch             |       |       |     4 |       ||     4
  Throw: Dart              |       |       |     5 |       ||     5
 Invoke: Berserk           |     1 |     4 |     9 |     3 ||    17
         Trog's Hand       |       |     1 |     7 |     2 ||    10
    Use: Scroll            |       |     6 |     7 |     2 ||    15
         Potion            |       |       |     6 |       ||     6
   Stab: Invisible         |       |       |     1 |       ||     1
 Armour: Animal skin       |    32 |       |       |       ||    32
         Ring mail         |    37 |   140 |   296 |   109 ||   582
  Dodge: Dodged            |    59 |   142 |   261 |    96 ||   558

Table legend: (Time is in decaauts)
 A = Elapsed time spent in this place.
 B = Non-inter-level travel time spent in this place.
 C = Inter-level travel time spent in this place.
 D = Time resting spent in this place.
 E = Time spent auto-exploring this place.
 F = Levels seen in this place.
 G = Mean time per level.
                   A        B        C        D        E       F      G
               +--------+--------+--------+--------+--------+-----+--------+
         Total |   8741 |   8466 |    275 |    348 |   6212 |   9 |  971.2 |
       Dungeon |   8358 |   8083 |    275 |    348 |   5966 |   8 | 1044.8 |
          Lair |    382 |    382 |      0 |      0 |    246 |   1 |  382.0 |
               +--------+--------+--------+--------+--------+-----+--------+

Top non-repeatable levels by time:
     D:7: 1519 daAuts
     D:1: 1182 daAuts
     D:4: 1124 daAuts
     D:2: 1101 daAuts
     D:6: 1002 daAuts
     D:8: 854 daAuts
     D:3: 848 daAuts
     D:5: 724 daAuts
  Lair:1: 382 daAuts
